 Dungeon Crawl Stone Soup version 0.25-a0-578-gc91f01c39c (webtiles) character file.

Game seed: 11304979802652218520, levelgen mode: deterministic

10 Flugslaktarn the Covered (level 2, -1/27 HPs)
             Began as a Minotaur Fighter on Mar 3, 2020.
             Was a Follower of Lugonu.
             Killed from afar by a smoke demon (15 damage)
             ... with a ball of steam
             ... on level 1 of the Abyss.
             The game lasted 00:00:15 (151 turns).

Flugslaktarn the Covered (Minotaur Fighter)          Turns: 151, Time: 00:00:16

Health: -1/27      AC:  7    Str: 20    XL:     2   Next: 10%
Magic:  1/1        EV:  7    Int:  5    God:    Lugonu [*.....]
Gold:   12         SH:  9    Dex:  9    Spells: 1/1 levels left

rFire    . . .     SeeInvis .   a - +0 war axe
rCold    . . .     Gourm    .   c - +0 kite shield
rNeg     . . .     Faith    .   b - +0 scale mail
rPois    .         Spirit   .   (helmet restricted)
rElec    .         Reflect  .   (no cloak)
rCorr    .         Harm     .   (no gloves)
MR       .....                  (no boots)
Stlth    ..........             (no amulet)
HPRegen  0.09/turn              (no ring)
MPRegen  0.07/turn              (no ring)

@: no status effects
A: retaliatory headbutt, horns 2
a: Depart the Abyss, Renounce Religion


You were on level 1 of the Abyss.
You worshipped Lugonu.
Lugonu was aware of your devotion.
You were not hungry.

You visited 1 branch of the dungeon, and saw 2 of its levels.
You visited the Abyss 1 time.

You collected 12 gold pieces.

Inventory:

Hand Weapons
 a - a +0 war axe (weapon)
Armour
 b - a +0 scale mail (worn)
 c - a +0 kite shield (worn)
Scrolls
 g - 3 scrolls of amnesia {unknown}
Potions
 d - 2 potions of might
Comestibles
 e - a ration
 f - 5 chunks of flesh


   Skills:
 + Level 3.8 Fighting
 * Level 2.9 Axes
 + Level 3.8 Armour
 + Level 3.8 Shields


You had one spell level left.
You didn't know any spells.
Your spell library was empty.

Dungeon Overview and Level Annotations

Branches:
Dungeon (2/15)

Altars:

Annotations:
D:2 Natasha, Terence


Innate Abilities, Weirdness & Mutations

You reflexively headbutt those who attack you in melee.
You have a pair of horns on your head.


Message History

This branch contains the abyssal rune of Zot.
Found 3 scrolls labeled QUETORCH XESU.
Found a corrupted altar of Lugonu.
Unknown command.
g - 3 scrolls labeled QUETORCH XESU
Found 25 gold pieces.
Found 4 sling bullets.
There is a corrupted altar of Lugonu here.
You kneel at the altar of Lugonu.
Lugonu welcomes you!
You can now depart the Abyss.
A smoke demon comes into view.
A smoke demon is nearby!
A smoke demon is nearby!
The smoke demon roars!
The smoke demon hits you. x3
You closely miss the smoke demon. The smoke demon gestures at you.
The ball of steam hits you!
Ouch! That really hurt!
You die...

.......#...(.# ##
##$...........
#.####.............
#....#..##.........
#.........._......#
#..#..............
#.................#
#............... ..
#.....@...........
#....3............
..................#
............∩.....#
..................#
#................
..................
#.................
.. . .. ..... ..


You could see a smoke demon.

Vanquished Creatures
  A bat (D:2)
  4 goblins (D:1)
  2 hobgoblins
  A rat (D:1)
8 creatures vanquished.

Notes
Turn   | Place    | Note
-------+----------+-------------------------------------------
     0 | D:1      | Flugslaktarn the Minotaur Fighter began the quest for the
                  | Orb.
     0 | D:1      | Reached XP level 1. HP: 19/19 MP: 0/0
   117 | D:2      | Noticed Natasha
   117 | D:2      | Noticed Terence
   120 | D:2      | Reached XP level 2. HP: 27/27 MP: 1/1
   122 | D:2      | Noticed a crimson imp
   123 | D:2      | Cast into level 1 of the Abyss (Terence)
   123 | Abyss:1  | Found a corrupted altar of Lugonu.
   132 | Abyss:1  | Became a worshipper of Lugonu the Unformed
   132 | Abyss:1  | Reached * piety under Lugonu
   146 | Abyss:1  | Noticed a smoke demon
   151 | Abyss:1  | Killed from afar by a smoke demon

Levels and vault maps discovered:
D:1:      co_arrival_random_square_maze, layout_loops_ring
D:2:      layout_rooms, lemuel_round_altar, uniq_jessica, uniq_natasha,
          uniq_terence
Abyss:1:  base: D:2, minivault_25

Action                   || total
-------------------------++-------
Melee: War axe           ||    19
       Headbutt          ||     6
Armor: Scale mail        ||     7
Dodge: Dodged            ||     7
Block: Kite shield       ||     5

Table legend:
 A = Non-vault XP
 B = Vault XP
 C = Vault XP percentage of total XP
 D = Non-vault monster count
 E = Vault monster count
 F = Vault count percentage of total count
                 A         B        C        D         E       F
            +---------+---------+-------+---------+---------+-------
      Total |      15 |       0 |   0.0 |       8 |       0 |   0.0
            +---------+---------+-------+---------+---------+-------
        D:1 |      11 |       0 |   0.0 |       6 |       0 |   0.0
        D:2 |       4 |       0 |   0.0 |       2 |       0 |   0.0
            +---------+---------+-------+---------+---------+-------
